 Dungeon Crawl Stone Soup version 0.19-a0-719-gcc390b8 (webtiles) character file.

207 Arkorax the Insei (level 5, -4/27 HPs)
             Began as a Vine Stalker Monk on June 21, 2016.
             Was a Believer of Okawaru.
             Shot with an arrow by a centaur (8 damage)
             ... on level 3 of the Dungeon.
             The game lasted 00:04:35 (2666 turns).

Arkorax the Insei (Vine Stalker Monk)               Turns: 2666, Time: 00:04:35

Health: -4/27      AC:  3    Str: 13    XL:     5   Next: 85%
Magic:  0/6        EV: 18    Int: 10    God:    Okawaru [**....]
Gold:   192        SH:  0    Dex: 23    Spells: 0 memorised, 4 levels left

rFire  . . .     SeeInvis .       - Unarmed
rCold  . . .     Gourm    .     a - +0 robe
rNeg   . . .     Faith    .     (no shield)
rPois  .         Spirit   +     t - +0 helmet
rElec  .         Dismiss  .     (no cloak)
rCorr  .         Reflect  .     (no gloves)
SustAt .         Harm     .     (no boots)
MR     .....                    (no amulet)
Stlth  ++++......               (no ring)
                                (no ring)

@: agile, flying, not resistant to hostile enchantments, stealthy
A: fangs 2, regeneration 1, magic shield, antimagic bite, no device heal 3, rot
immunity
a: Heroism, Renounce Religion


You were on level 3 of the Dungeon.
You worshipped Okawaru.
Okawaru was pleased with you.
You were not hungry.

You visited 1 branch of the dungeon, and saw 3 of its levels.

You collected 192 gold pieces.

Inventory:

Armour
 a - a +0 robe (worn)
 s - an ice dragon hide
 t - a +0 helmet (worn)
Scrolls
 d - a scroll of noise {unknown}
 e - 5 scrolls of identify {unknown}
 f - a scroll of random uselessness {unknown}
 g - 2 scrolls of recharging {unknown}
 l - a scroll of enchant weapon {unknown}
 m - a scroll of immolation {unknown}
 n - a scroll of amnesia {unknown}
 q - a scroll of enchant armour {unknown}
 u - a scroll of fear {unknown}
Potions
 c - a potion of curing
 h - a potion of brilliance {unknown}
 i - a potion of invisibility {unknown}
 j - a potion of heal wounds {unknown}
 p - a potion of flight
Comestibles
 b - 3 bread rations
 o - a meat ration
 r - 2 chunks of flesh


   Skills:
 - Level 2.6 Fighting
 - Level 2.4 Dodging
 - Level 2.4 Stealth
 * Level 6.3 Unarmed Combat


You had 4 spell levels left.
You didn't know any spells.

Dungeon Overview and Level Annotations

Branches:
Dungeon (3/15)

Altars:
Kikubaaqudgha
Okawaru
Qazlal
Sif Muna
Trog


Innate Abilities, Weirdness & Mutations

You have extremely sharp teeth.
Your natural rate of healing is unusually fast.
When hurt, damage is shared between your health and your magic reserves.
Your bite disrupts and absorbs the magic of your enemies.
Potions and wands cannot restore your health.
You are immune to rotting.


Message History

An orc comes into view.
You see here an arrow.
The centaur shoots an arrow.
The arrow barely misses you.
The orc moves out of view.
The centaur shoots an arrow.
The arrow hits you!
A rat comes into view.
You see here an arrow.
The centaur shoots an arrow.
The arrow hits you!
* * * LOW HITPOINT WARNING * * *
You hear a shout!
You see here an arrow.
Unknown command.
Unknown command.
Okay, then.
It was a potion of flight.
You feel very buoyant.
You fly up into the air.
It was a potion of agility.
You feel agile all of a sudden.
The centaur shoots an arrow.
The arrow hits you!
You die...

####.# #########.....
#.........##.#
#........#....
####............#
................. ##
####...(###.####
#...####..g.(..........
#...@....(......#####
.....#####.c.....###
..# #.......#
c........# .r#........#
#### ...
.....#..#####... ..
##.##....#....... #
#...........####
#........<.###..


You could see a centaur and a hobgoblin.

Vanquished Creatures
  Robin (D:3)
  5 gnolls (D:3)
  5 adders
  3 oozes
  2 worms
  2 dart slugs
  10 bats
  2 giant cockroaches
  15 goblins
  15 hobgoblins
  2 jackals (D:2)
  2 quokkas (D:3)
  4 giant newts
  5 kobolds
  6 rats
79 creatures vanquished.

Notes
Turn   | Place    | Note
--------------------------------------------------------------
     0 | D:1      | Arkorax the Vine Stalker Monk began the quest for the Orb.
     0 | D:1      | Reached XP level 1. HP: 11/11 MP: 2/2
   133 | D:1      | Reached XP level 2. HP: 16/16 MP: 3/3
   449 | D:1      | Reached skill level 4 in Unarmed Combat
   543 | D:1      | Reached XP level 3. HP: 19/19 MP: 4/4
  1067 | D:2      | Found an ancient bone altar of Kikubaaqudgha.
  1069 | D:2      | Found a bloodstained altar of Trog.
  1069 | D:2      | Found an iron altar of Okawaru.
  1073 | D:2      | Found a deep blue altar of Sif Muna.
  1109 | D:2      | Became a worshipper of Warmaster Okawaru
  1109 | D:2      | Reached * piety under Okawaru
  1109 | D:2      | Reached ** piety under Okawaru
  1260 | D:2      | Reached XP level 4. HP: 15/23 MP: 5/5
  1451 | D:2      | Reached skill level 5 in Unarmed Combat
  1678 | D:3      | Noticed a gnoll sergeant
  1940 | D:3      | Found a stormy altar of Qazlal.
  1946 | D:3      | Reached XP level 5. HP: 18/27 MP: 3/6
  2299 | D:3      | Noticed Robin
  2300 | D:3      | Reached skill level 6 in Unarmed Combat
  2523 | D:3      | Killed Robin
  2657 | D:3      | Noticed a centaur
  2666 | D:3      | Shot with an arrow by a centaur

Vault maps used:
D:1:      erik_arrival_gehennom, serial_forest, infiniplex_forest_lined_4_way,
          infiniplex_forest_lined_1, infiniplex_forest_lined_3,
          infiniplex_forest_end_3, infiniplex_forest_lined_3,
          infiniplex_forest_clump_long, infiniplex_forest_straight_1,
          infiniplex_forest_corner_1
D:2:      grunt_temple_overflow_open
D:3:      lemuel_doored_altar, first_bread, minmay_misc_feat_x, uniq_iyjb,
          uniq_robin, uniq_terence

Skill      XL: |  1  2  3  4  5 |
---------------+----------------+-----
Unarmed Combat | 4 5 6 |  6.3
Fighting       | |  2.6
Dodging        | |  2.4
Stealth        | |  2.4

Action                   |  1- 3 |  4- 6 || total
-------------------------+-------+-------++-------
Melee: Unarmed           |   107 |   136 ||   243
       Bite              |    28 |    28 ||    56
       Punch             |       |     2 ||     2
Invok: Heroism           |       |     3 ||     3
  Use: Potion            |       |     3 ||     3
 Stab: Sleeping          |    12 |     4 ||    16
  Eat: Chunk             |     1 |     5 ||     6
Armor: Robe              |    17 |     8 ||    25
Dodge: Dodged            |    84 |   100 ||   184
